 Dungeon Crawl Stone Soup version 0.28-a0-1435-g82390b3a13 (webtiles) character file.

Game seed: 17256181322577949692

1163 porpoise the Skirmisher (level 8, -3/65 HPs)
             Began as a Demonspawn Brigand on Jan 10, 2022.
             Slain by an iguana (5 damage)
             ... on level 5 of the Dungeon.
             The game lasted 00:24:47 (6195 turns).

porpoise the Skirmisher (Demonspawn Brigand)        Turns: 6195, Time: 00:24:47

Health: -3/65      AC:  7    Str: 13    XL:     8   Next: 17%
Magic:  8/8        EV: 10    Int: 12    God:
Gold:   238        SH:  0    Dex: 16    Spells: 7/7 levels left

rFire   . . .      SeeInvis .     - Unarmed
rCold   . . .      Faith    .   (no shield)
rNeg    . . .      Spirit   .   C - +0 ring mail
rPois   .          Reflect  .   (no helmet)
rElec   .          Harm     .   c - +0 cloak
rCorr   +          Rampage  .   f - +0 pair of gloves
Will    .....                   (no boots)
Stlth   ++........              (no amulet)
HPRegen 0.20/turn               o - ring of resist corrosion
MPRegen 0.11/turn               (no ring)

@: on berserk cooldown, slowed, very slow
A: claws 2, hooves 2, powered by pain 1
a: no special abilities


You were on level 5 of the Dungeon.
You visited 1 branch of the dungeon, and saw 5 of its levels.
You also visited: Sewer and Ossuary.

You collected 238 gold pieces.

Inventory:

Hand Weapons
 b - a +4 hunting sling of freezing
 h - a +0 hand crossbow
 u - a +2 short sword of speed
 v - a +2 dagger
 w - a +0 vorpal trident
Missiles
 d - 28 poisoned darts (quivered)
 e - 2 curare-tipped darts
 j - 142 stones
 k - 52 bolts
 l - 38 sling bullets
 s - 58 arrows
 z - a throwing net
 A - 14 boomerangs
Armour
 c - a +0 cloak (worn)
 f - a +0 pair of gloves (worn)
 n - the +6 lightning scales {swift, rElec}
   (You found it on level 2 of the Dungeon)

   It allows the wearer to cover ground more swiftly.
   rElec:     It insulates you from electricity.
 B - a +1 buckler
 C - a +0 ring mail (worn)
Jewellery
 o - a ring of resist corrosion (left hand)
Scrolls
 g - 2 scrolls of amnesia
 i - a scroll of magic mapping
 p - a scroll of vulnerability
 H - a scroll of teleportation
Potions
 m - 2 potions of attraction
 q - a potion of cancellation
 x - a potion of brilliance
 E - 2 potions of might
 F - a potion of curing {unknown}
 G - 3 potions of invisibility {unknown}


   Skills:
 * Level 6.4 Fighting
 - Level 4.0 Short Blades
 - Level 1.7 Throwing
 - Level 0.8 Dodging
 - Level 5.0 Stealth
 + Level 2.2 Shields
 * Level 3.9 Unarmed Combat


You had 7 spell levels left.
You didn't know any spells.
Your spell library contained the following spells:

 Spells                   Type           Power      Damage    Failure   Level
 Animate Skeleton         Necr           0%         N/A       58%         1
 Pain                     Necr           0%         1d4       58%         1
 Summon Small Mammal      Summ           0%         N/A       58%         1
 Call Canine Familiar     Summ           0%         N/A       91%         3
 Summon Guardian Golem    Hex/Summ       0%         N/A       91%         3
 Vampiric Draining        Necr           0%         2d6       91%         3


Dungeon Overview and Level Annotations

Branches:
Dungeon (5/15)              Sewer (visited)         Ossuary (visited)
 Temple: D:4-7

Altars:
Dithmenos
Sif Muna
Trog
Uskayaw


Innate Abilities, Weirdness & Mutations

You have very sharp fingernails.
You have hoof-like feet.
You sometimes gain a little power by taking damage.


Message History

The ice beast barely misses you.
You hit the ice beast. Your kick misses the ice beast.
The ice beast is moderately wounded.
You hit the ice beast but do no damage. You kick the ice beast.
The ice beast is moderately wounded.
The ice beast hits you. The ice beast freezes you!
You hit the ice beast.
The ice beast is heavily wounded.
The ice beast hits you. The ice beast freezes you!
* * * LOW HITPOINT WARNING * * *
A red film seems to cover your vision as you go berserk!
You feel yourself moving faster!
You feel mighty!
The ice beast hits you but does no damage.
You punch the ice beast!
The ice beast is almost dead.
The ice beast hits you but does no damage.
You punch the ice beast!
You kill the ice beast!
You barely miss the iguana. You closely miss the iguana. You kick the iguana!
The iguana is heavily wounded.
The iguana bites you.
* * * LOW HITPOINT WARNING * * *
You punch the iguana!
You kill the iguana!
An iguana comes into view.
You feel a strong urge to attack something.
The iguana hisses angrily.
An adder skeleton comes into view.
There are monsters nearby!
You are no longer berserk.
You are exhausted.
You feel yourself slow down.
Things that are here:
an iguana corpse; a hound corpse
There is a stone staircase leading up here.
You closely miss the iguana. The iguana bites you!
* * * LOW HITPOINT WARNING * * *
The iguana bites you.
You die...

.. #.# .. #l# .. .. #.# #.#
..## #.# #..# ...# #.# ....
...###†##########..#
...................#
..##............## ####+##
.(#............l@# #.....#
..#..............#.. #.....#
..#..............#.. #.....#
#.#.##########.#....##.....#
###.#
######.####..#.....#### #.#
#..................'..# #.#
#........###.......##.# #.#
#........# ##......##.# ..#
#...[....####......##.#


You could see an iguana.

Vanquished Creatures
  Grinder (Sewer)
  A wraith (Ossuary)
  An ice beast (D:5)
  An ogre (D:4)
  A centaur (D:4)
  2 kobold brigands (Sewer)
  A bullfrog zombie (D:5)
  A hound (D:5)
  A quasit (Sewer)
  A jelly (D:4)
  3 iguanas
  A mummy (Ossuary)
  Robin (D:2)
  4 adders
  A gnoll (D:1)
  A shadow imp (Sewer)
  6 ufetubi
  3 worms
  3 dart slugs
  5 orcs
  9 ball pythons
  5 bats
  4 endoplasms
  4 giant cockroaches
  11 goblins
  12 hobgoblins
  4 jackals (D:1)
  3 quokkas
  A frilled lizard (D:2)
  A giant cockroach zombie (Sewer)
  10 gnoll skeletons (Ossuary)
  15 kobolds
  5 kobold skeletons (Ossuary)
  10 orc skeletons (Ossuary)
  6 rats
139 creatures vanquished.

Vanquished Creatures (collateral kills)
  A worm (D:4)
1 creature vanquished.

Vanquished Creatures (others)
  A bat zombie (Sewer)
  2 kobold zombies (Sewer)
  3 plants (D:2)
6 creatures vanquished.

Grand Total: 146 creatures vanquished

Notes
Turn   | Place    | Note
-------+----------+-------------------------------------------
     0 | D:1      | porpoise the Demonspawn Brigand began the quest for the
                  | Orb.
     0 | D:1      | Reached XP level 1. HP: 16/16 MP: 1/1
   429 | D:1      | Discovered your monstrous ancestry.
   429 | D:1      | Gained mutation: You have large cloven feet. [demonic
                  | ancestry]
   429 | D:1      | Reached XP level 2. HP: 23/23 MP: 2/2
   644 | D:1      | Reached XP level 3. HP: 28/28 MP: 3/3
  1297 | D:2      | Found a faded altar of an unknown god.
  1317 | D:2      | Noticed Robin
  1358 | D:2      | Killed Robin
  1359 | D:2      | Reached skill level 3 in Fighting
  1385 | D:2      | Gained mutation: You sometimes gain a little power by
                  | taking damage. [demonic ancestry]
  1385 | D:2      | Reached XP level 4. HP: 5/35 MP: 4/4
  1951 | D:2      | Found the +6 lightning scales {swift, rElec}
  2593 | D:3      | Found a hide-covered altar of Uskayaw.
  2593 | D:3      | Noticed a +0 spear
  2691 | D:3      | Found a bloodstained altar of Trog.
  2976 | D:3      | Found a glowing drain.
  2981 | Sewer    | Entered a sewer
  3167 | Sewer    | Found a burning altar of Makhleb.
  3167 | Sewer    | Noticed a kobold brigand
  3188 | Sewer    | Killed a kobold brigand
  3189 | Sewer    | Gained mutation: You have hoof-like feet. [demonic
                  | ancestry]
  3189 | Sewer    | Reached XP level 5. HP: 18/42 MP: 5/5
  3407 | Sewer    | Noticed Grinder
  3415 | Sewer    | Paralysed by Grinder for 6 turns
  3426 | Sewer    | Killed Grinder
  3427 | Sewer    | Reached skill level 4 in Fighting
  3427 | Sewer    | Gained mutation: You have sharp fingernails. [demonic
                  | ancestry]
  3427 | Sewer    | Reached XP level 6. HP: 6/49 MP: 6/6
  3760 | Sewer    | Reached skill level 5 in Stealth
  3760 | Sewer    | Reached skill level 1 in Unarmed Combat
  4061 | Sewer    | Reached skill level 5 in Fighting
  4248 | D:3      | Reached XP level 7. HP: 56/56 MP: 7/7
  4283 | D:3      | Noticed a +0 dagger
  4283 | D:3      | Noticed a +0 dagger
  4284 | D:3      | Noticed a +0 short sword
  4284 | D:3      | Noticed a +0 spear
  4285 | D:3      | Noticed a +0 short sword
  4285 | D:3      | Noticed a +0 falchion
  4287 | D:3      | Noticed a +0 falchion
  4928 | D:4      | Found a shadowy altar of Dithmenos.
  4938 | D:4      | Found a shimmering blue altar of Sif Muna.
  5042 | D:4      | Reached skill level 1 in Shields
  5220 | D:4      | Found a sand-covered staircase.
  5229 | Ossuary  | Entered an ossuary
  5229 | Ossuary  | Noticed a wraith
  5229 | Ossuary  | Noticed a wraith
  5229 | Ossuary  | Noticed a wraith
  5542 | Ossuary  | Noticed a wraith
  5569 | Ossuary  | Killed a wraith
  5570 | Ossuary  | Reached skill level 6 in Fighting
  6024 | D:5      | Entered Level 5 of the Dungeon
  6153 | D:5      | Gained mutation: You have very sharp fingernails. [demonic
                  | ancestry]
  6153 | D:5      | Reached XP level 8. HP: 58/64 MP: 8/8
  6195 | D:5      | HP: 2/65 [iguana (12)]
  6195 | D:5      | Slain by an iguana

Illustrated notes

Levels and vault maps discovered:
D:1:      amcnicky_arrival_blooded_trapdoor, layout_loops_ring
D:2:      layout_loops_ring, hellmonk_ecumenical_altar_leap_of_faith,
          hangedman_abyss_or_decor_stabs, serial_bayou_ford_a, uniq_robin
D:3:      layout_basic, nicolae_uskayaw_en_pointe,
          mainiacjoe_overflow_tiny_flanked, portal_sewer_entry_e,
          minmay_misc_feat_plants, kennysheep_generic_room_7
D:4:      layout_rooms, mainiacjoe_overflow_boulevard,
          mainiacjoe_overflow_cross_hatched, nicolae_ossuary_entry_ruins
D:5:      cheibrodos_helix_gallery, layout_basic,
          nicolae_hepliaklqana_hazy_memory, lemuel_another_geyser,
          uniq_eustachio

Skill      XL: |  1  2  3  4  5  6  7  8 |
---------------+-------------------------+-----
Short Blades   | 2 3 4 |  4.0
Fighting       | 3 4 5 6 |  6.4
Stealth        | 4 5 |  5.0
Unarmed Combat | 1 3 |  3.9
Shields        | 1 2 |  2.2
Throwing       | |  1.7
Dodging        | |  0.8

Action                   |  1- 3 |  4- 6 |  7- 9 || total
-------------------------+-------+-------+-------++-------
Melee: Dagger            |   132 |     1 |       ||   133
       Kick              |    21 |    28 |    20 ||    69
       Trident           |       |   113 |    42 ||   155
       Punch             |       |     1 |     5 ||     6
       Unarmed           |       |       |    41 ||    41
 Fire: Hand crossbow     |       |    16 |    77 ||    93
       Hunting sling     |       |       |     2 ||     2
Throw: Dart              |       |     2 |       ||     2
  Use: Potion            |     1 |     2 |     7 ||    10
       Scroll            |       |     1 |     8 ||     9
 Stab: Sleeping          |     6 |     6 |       ||    12
Armor: Robe              |    28 |    26 |       ||    54
       Ring mail         |       |       |    51 ||    51
Dodge: Dodged            |    73 |    73 |    74 ||   220

Table legend: (Time is in decaauts)
 A = Elapsed time spent in this place.
 B = Non-inter-level travel time spent in this place.
 C = Inter-level travel time spent in this place.
 D = Time resting spent in this place.
 E = Time spent auto-exploring this place.
 F = Levels seen in this place.
 G = Mean time per level.
                   A        B        C        D        E       F      G
               +--------+--------+--------+--------+--------+-----+--------+
         Total |   6292 |   6138 |    154 |   2586 |   1948 |   7 |  898.9 |
       Dungeon |   4540 |   4386 |    154 |   1583 |   1921 |   5 |  908.0 |
         Sewer |   1190 |   1190 |      0 |    816 |     27 |   1 | 1190.0 |
       Ossuary |    560 |    560 |      0 |    187 |      0 |   1 |  560.0 |
               +--------+--------+--------+--------+--------+-----+--------+

Top non-repeatable levels by time:
     D:1: 1495 daAuts
   Sewer: 1190 daAuts
     D:2: 1115 daAuts
     D:3: 1080 daAuts
     D:4: 677 daAuts
 Ossuary: 560 daAuts
     D:5: 171 daAuts
